Map: Ancient Cistern LE

Players

MattBarry

  • Race: Protoss Protoss
  • League: Gold
  • Spawn Location: 7:00

JARVO - Winner!

  • Race: Protoss Protoss
  • League: Silver
  • Spawn Location: 1:00

VOD

Have the link to the VOD?

Description

Time

  • Played on: Jan. 31, 2023, 10:15 a.m.
  • Length: 9:33
Show
View Real Time Build Order
Export as new Build Order

MattBarry Protoss 

Build Orders: Oracle Opening 

Get SALT Encoding   

  12  0:00  Probe  
  13  0:14  Pylon  
  13  0:16  Probe (Chrono Boost)  
  15  0:28  Probe (Chrono Boost)  
  15  0:36  Probe (Chrono Boost)  
  15  0:38  Gateway  
  16  0:43  Assimilator  
  16  0:45  Probe  
  17  0:57  Probe  
  18  1:09  Probe (Chrono Boost)  
  19  1:21  Probe (Chrono Boost)  
  20  1:26  Probe (Chrono Boost)  
  21  1:32  Cybernetics Core  
  21  1:37  Pylon  
  21  1:46  Nexus  
  21  1:50  Probe  
  22  1:55  Assimilator  
  22  2:02  Probe  
  23  2:13  Gateway  
  23  2:14  Probe  
  24  2:28  Stargate  
  24  2:31  Probe (Chrono Boost)  
  25  2:41  Probe (Chrono Boost)  
  26  2:46  Probe (Chrono Boost)  
  27  2:58  Probe  
  24  3:14  Oracle (Chrono Boost)  
  24  3:16  Pylon  
  28  3:34  Zealot  
  28  3:44  Forge  
  28  3:47  Void Ray (Chrono Boost)  
  31  3:56  Probe  
  32  4:08  Probe  
  20  4:35  Pylon  
  20  4:37  Pylon  
  12  5:11  Forge  
  12  5:12  Probe  
  13  5:23  Cybernetics Core  
  13  5:24  Probe  
  10  5:36  Probe (Chrono Boost)  
  11  5:48  Probe (Chrono Boost)  
  11  5:49  Photon Cannon  
  12  5:52  Probe (Chrono Boost)  
  13  5:57  Photon Cannon  
  12  6:05  Pylon  
  6  6:28  Pylon  
  2  8:28  Assimilator  
Show
View Real Time Build Order
Export as new Build Order

JARVO Protoss - Winner!

Build Orders:  

Get SALT Encoding   

  12  0:21  Pylon, Probe (Chrono Boost)  
  13  0:42  Forge  
  13  0:47  Gateway  
  13  0:55  Pylon  
  13  1:02  Assimilator  
  13  1:04  Probe (Chrono Boost)  
  14  1:19  Photon Cannon  
  15  1:32  Probe  
  15  1:40  Cybernetics Core  
  15  1:44  Assimilator  
  15  2:04  Pylon  
  15  2:10  Pylon  
  15  2:14  Warp Gate (Chrono Boost)  
  15  2:23  Zealot  
  17  2:34  Photon Cannon  
  17  2:40  Pylon  
  17  2:46  Photon Cannon  
  17  3:12  Photon Cannon  
  17  3:21  Pylon  
  17  3:31  Stalker  
  19  3:42  Photon Cannon  
  19  3:46  Photon Cannon  
  19  4:01  Gateway  
  19  4:14  Probe  
  20  4:19  Stalker  
  22  4:26  Probe  
  19  5:02  Stalker  
  19  5:37  Stalker  
  19  5:39  Stalker  
  23  6:04  Stalker  
  25  6:16  Stalker  
  27  6:30  Stalker  
  25  6:49  Stalker  
  25  6:54  Stalker  
  29  7:08  Gateway  
  29  7:11  Gateway  
  29  7:14  Stalker  
  31  7:31  Stalker  
  33  7:41  Stalker  
  35  8:03  Nexus  
  35  8:47  Nexus  
  36  9:32  Assimilator  
Tags
 
Matchup
PvP
Replay Pack
Multiplayer
Spawn Locations
Cross Positions
Add a new tag
Caveats
  • Supply blocks, unpowered buildings, or Contaminate may cause inaccurate times.
  • Supply counts are checked every 10 seconds.